 Dungeon Crawl Stone Soup version 0.26.1-11-gd32895ea62 (webtiles) character file.

Game seed: 4041020639932330899

82 Acheron the Gusty (level 4, 0/35 HPs)
             Began as a Draconian Wanderer on June 7, 2021.
             Slain by a leopard gecko (3 damage)
             ... on level 3 of the Dungeon.
             The game lasted 00:08:37 (2349 turns).

Acheron the Gusty (Draconian Wanderer)              Turns: 2349, Time: 00:08:38

Health: 0/35       AC:  5    Str: 13    XL:     4   Next: 21%
Magic:  5/5        EV: 11    Int: 13    God:
Gold:   19         SH:  3    Dex: 12    Spells: 5/5 levels left

rFire    . . .     SeeInvis .   a - +2 dagger
rCold    . . .     Faith    .   d - +0 buckler
rNeg     . . .     Spirit   .   (armour unavailable)
rPois    .         Reflect  .   (helmet restricted)
rElec    .         Harm     .   (no cloak)
rCorr    .         Rampage  .   (no gloves)
Will     .....                  (no boots)
Stlth    ++........             (no amulet)
HPRegen  0.11/turn              (no ring)
MPRegen  0.09/turn              (no ring)

@: no status effects
A: unfitting armour, cold-blooded, AC +5
a: no special abilities


You were on level 3 of the Dungeon.
You visited 1 branch of the dungeon, and saw 4 of its levels.

You collected 19 gold pieces.

Inventory:

Hand Weapons
 a - a +2 dagger (weapon)
 c - a +0 spear
 j - a +0 hand axe
 o - a +1 short sword of venom
Missiles
 h - 11 poisoned darts (quivered)
 l - 18 sling bullets
Armour
 d - a +0 buckler (worn)
 g - a cursed +0 cloak
Jewellery
 k - an uncursed amulet of magic regeneration
Scrolls
 f - a scroll of fear
Potions
 b - a potion of heal wounds
 e - a potion of degeneration {unknown}
 i - a potion of berserk rage {unknown}
 m - 2 potions of ambrosia


   Skills:
 * Level 1.0 Fighting
 * Level 1.0 Short Blades
 * Level 0.4 Throwing
 * Level 1.7 Dodging
 * Level 2.2 Stealth
 * Level 1.2 Shields
 + Level 1.0 Spellcasting
 + Level 1.0 Hexes
 + Level 3.5 Air Magic
 * Level 2.0 Evocations


You had 5 spell levels left.
You didn't know any spells.
Your spell library was empty.

Dungeon Overview and Level Annotations

Branches:
Dungeon (4/15)
 Temple: D:4-7

Altars:
Dithmenos
The Shining One

Annotations:
D:3 exclusion: downstairs


Innate Abilities, Weirdness & Mutations

Your plain brown scales are hard. (AC +5)
You cannot fit into any form of body armour.
You are cold-blooded and may be slowed by cold attacks.


Message History

* * * LOW HITPOINT WARNING * * *
You closely miss the leopard gecko.
The leopard gecko is lightly wounded.
The leopard gecko barely misses you.
You closely miss the leopard gecko.
The leopard gecko is lightly wounded.
The leopard gecko bites you.
* * * LOW HITPOINT WARNING * * *
You barely miss the leopard gecko.
The leopard gecko is lightly wounded.
You block the leopard gecko's attack.
You hit the leopard gecko.
The leopard gecko is almost dead.
The leopard gecko bites you.
* * * LOW HITPOINT WARNING * * *
The leopard gecko misses you.
You closely miss the leopard gecko.
The leopard gecko is almost dead.
The leopard gecko bites you.
You die...

#....####.#
##....# #.#
#....## #.#
##...##
#.######
#....#
#.......
#....#
########
#...##
##.....
#..##
##...###
#@.#
#.......
#†l.#
##...###
....8#
###.## #
#.....#
#[..# #
#.......
##..# #
#.....#..
##..####
.$...8####
#.......
##...##
##...<.#
##.....


You could see a leopard gecko.

Vanquished Creatures
  2 adders (D:3)
  3 oozes
  2 dart slugs (D:1)
  4 leopard geckos
  An orc (D:3)
  4 giant cockroaches
  2 goblins (D:1)
  A hobgoblin (D:1)
  8 jackals (D:1)
  A quokka (D:3)
  6 bats
  3 frilled lizards
  5 rats
42 creatures vanquished.

Notes
Turn   | Place    | Note
-------+----------+-------------------------------------------
     0 | D:1      | Acheron the Draconian Wanderer began the quest for the Orb.
     0 | D:1      | Acheron set off with the following items: a +2 dagger, a
                  | potion of heal wounds, a +0 spear, a +0 buckler
     0 | D:1      | Reached XP level 1. HP: 14/14 MP: 2/2
   300 | D:1      | Reached XP level 2. HP: 12/20 MP: 3/3
  1259 | D:1      | Reached XP level 3. HP: 27/27 MP: 4/4
  2001 | D:3      | Found a glowing golden altar of the Shining One.
  2129 | D:3      | Reached XP level 4. HP: 24/34 MP: 5/5
  2223 | D:4      | Noticed an ogre
  2252 | D:2      | Found a shadowy altar of Dithmenos.
  2343 | D:3      | Reached skill level 1 in Fighting
  2343 | D:3      | Reached skill level 1 in Short Blades
  2349 | D:3      | Slain by a leopard gecko

Illustrated notes

Levels and vault maps discovered:
D:1:      moated_graveyard_arrival, layout_basic
D:2:      kennysheep_the_goblin_king, layout_basic, overflow_temple_1_default,
          serial_rivers, chequers_serial_rivers_large_a,
          chequers_serial_rivers_small_b, chequers_serial_rivers_micro_e,
          chequers_serial_rivers_micro_d, grunt_decor_one_mirror
D:3:      minmay_thinvault, layout_loops_ring, nicolae_tso_carved_into_rock,
          lemuel_altar_in_water
D:4:      minmay_recursive_quarters, layout_basic, lemuel_round_altar,
          hex_large, minivault_24, roderic_st_hans_cross

Skill      XL: |  1  2  3  4 |
---------------+-------------+-----
Stealth        | 2 |  2.2
Fighting       | 1 |  1.0
Short Blades   | 1 |  1.0
Evocations     | 2 |  2.0
Throwing       | |  0.4
Dodging        | |  1.7
Shields        | |  1.2
Spellcasting   | |  1.0
Hexes          | |  1.0
Air Magic      | |  3.5

Action                   |  1- 3 |  4- 6 || total
-------------------------+-------+-------++-------
Melee: Dagger            |   143 |    31 ||   174
       Tailslap          |     9 |     3 ||    12
Throw: Dart              |     7 |       ||     7
  Use: Scroll            |     3 |     4 ||     7
       Potion            |     1 |       ||     1
 Stab: Sleeping          |     5 |     1 ||     6
Armor: Skin              |    50 |     9 ||    59
Dodge: Dodged            |    67 |    26 ||    93
Block: Buckler           |    30 |     9 ||    39
